Map: Lerilak Crest

Players

KsNashashuK

  • Race: Zerg Zerg
  • League: Diamond

LilDicky - Winner!

  • Race: Terran Terran
  • League: Diamond

VOD

http://www.twitch.tv/tumescentpie

Description

Time

  • Played on: Dec. 10, 2015, 10:47 a.m.
  • Length: 6:37
Show
View Real Time Build Order
Export as new Build Order

KsNashashuK Zerg 

Build Orders: Hatch First 

Get SALT Encoding   

  12  0:00  Drone  
  13  0:13  Overlord  
  13  0:17  Drone  
  14  0:31  Drone x2  
  16  0:36  Drone  
  17  0:53  Hatchery  
  17  0:56  Drone  
  17  0:59  Drone  
  17  1:02  Extractor  
  17  1:15  Spawning Pool  
  16  1:18  Drone  
  16  1:21  Drone  
  18  1:28  Drone  
  19  1:39  Overlord  
  19  2:02  Queen, Zergling x4  
  19  2:03  Metabolic Boost  
  23  2:12  Drone  
  23  2:15  Queen  
  24  2:16  Drone  
  24  2:20  Drone  
  28  2:23  Drone  
  28  2:27  Drone  
  30  2:35  Drone  
  30  3:00  Drone x3  
  30  3:01  Drone x2  
  35  3:08  Overlord  
  35  3:12  Hatchery  
  34  3:16  Lair  
  34  3:19  Drone  
  35  3:25  Queen  
  37  3:31  Drone x6  
  37  3:32  Extractor  
  37  3:33  Drone, Extractor  
  42  3:43  Drone  
  42  3:46  Overlord  
  43  4:02  Drone  
  44  4:03  Overlord  
  44  4:04  Overlord  
  44  4:07  Drone x3  
  46  4:15  Overseer  
  46  4:25  Evolution Chamber x2  
  46  4:27  Roach Warren  
  46  4:28  Spore Crawler  
  46  4:29  Spore Crawler, Drone x2  
  43  4:33  Drone x4  
  47  4:40  Queen  
  47  4:43  Drone x6  
  47  4:44  Drone  
  56  4:58  Spore Crawler  
  56  4:59  Drone, Spore Crawler  
  55  5:00  Drone x4  
  59  5:18  Overlord  
  59  5:31  Drone x4  
  59  5:32  Extractor  
  59  5:33  Overlord x3  
  62  5:36  Roach x4  
  70  5:43  Spine Crawler  
  70  5:49  Spine Crawler  
  66  5:52  Zergling x6  
  66  5:53  Zergling x10  
  66  6:00  Zergling x2  
  66  6:01  Zergling x8  
  71  6:08  Overseer  
Show
View Real Time Build Order
Export as new Build Order

LilDicky Terran - Winner!

Build Orders: Hellion Banshee 

Get SALT Encoding   

  12  0:03  SCV  
  13  0:15  SCV  
  13  0:18  Supply Depot  
  14  0:27  SCV  
  15  0:40  SCV  
  16  0:43  Barracks  
  16  0:52  Refinery  
  16  0:53  SCV  
  17  1:05  SCV  
  18  1:18  SCV  
  19  1:30  SCV  
  20  1:35  Command Center  
  20  1:38  Reaper  
  21  1:42  Orbital Command  
  21  1:48  Refinery  
  21  1:56  Supply Depot  
  21  2:08  SCV  
  22  2:10  Reaper  
  23  2:20  SCV  
  24  2:27  Factory  
  24  2:47  SCV  
  25  2:51  Barracks Reactor  
  25  3:02  Orbital Command  
  25  3:03  SCV  
  26  3:11  Command Center  
  26  3:14  Starport  
  26  3:15  SCV  
  27  3:27  SCV  
  27  3:31  SCV  
  27  3:33  Barracks Tech Lab  
  29  3:34  Hellion x2  
  29  3:39  SCV  
  34  3:43  SCV  
  35  3:51  SCV  
  35  4:10  Banshee, Hellion, Cloaking Field  
  35  4:11  Hellion  
  35  4:13  SCV  
  35  4:15  SCV  
  44  4:25  SCV  
  44  4:27  SCV  
  44  4:29  Orbital Command  
  46  4:32  Armory, Hellion x2  
  46  4:34  Supply Depot  
  46  4:37  SCV  
  51  4:40  SCV  
  51  4:43  Refinery  
  51  4:44  Refinery  
  52  4:47  Orbital Command  
  52  4:49  SCV  
  53  4:53  Hellion x2  
  53  4:55  Banshee  
  53  4:59  SCV  
  61  5:04  SCV  
  62  5:09  Supply Depot  
  62  5:11  SCV  
  63  5:15  Hellion x2  
  63  5:16  SCV x2  
  69  5:30  SCV  
  69  5:31  Supply Depot, SCV x2  
  69  5:35  Supply Depot  
  72  5:36  Hellion x2  
  76  5:42  SCV  
  76  5:43  SCV  
  78  6:16  Hellion  
  78  6:20  SCV x2  
  78  6:21  Factory x2  
  78  6:22  SCV, Factory  
  78  6:24  Supply Depot  
  78  6:25  Factory  
  81  6:29  Command Center  
Tags
 
Add a new tag
Caveats
  • Supply blocks, unpowered buildings, or Contaminate may cause inaccurate times.
  • Supply counts are checked every 10 seconds.